 Dungeon Crawl Stone Soup version 0.29.1-12-g30fa7ad0bf (webtiles) character file.

Game seed: 17641996547454419235

26559 FexLirch the Grappler (level 12, -2/123 HPs)
             Began as a Troll Warper on Jan 3, 2023.
             Was the Champion of Cheibriados.
             Slain by a boulder beetle (21 damage)
             ... on level 14 of the Dungeon.
             The game lasted 00:26:51 (11543 turns).

FexLirch the Grappler (Troll Warper)               Turns: 11543, Time: 00:26:52

Health: -2/123     AC: 17    Str: 37    XL:     12   Next: 99%
Magic:  15/15      EV: 10    Int: 28    God:    Cheibriados [******]
Gold:   669        SH:  0    Dex: 30    Spells: 3/13 levels left

rFire   . . .      SeeInvis .     - Unarmed
rCold   . . .      Faith    .   (no shield)
rNeg    + . .      Spirit   .   F - +0 pearl dragon scales
rPois   .          Reflect  .   (helmet restricted)
rElec   .          Harm     .   x - +0 cloak
rCorr   +          Rampage  .   (gloves unavailable)
Will    .....                   (boots unavailable)
Stlth   +.........              i - amulet of magic regeneration
HPRegen 1.10/turn               t - +6 ring of dexterity
MPRegen 0.54/turn               J - ring of resist corrosion

@: very slow
A: large, unfitting armour, claws 3, regeneration 1, shaggy fur 1, tough skin 1
a: Renounce Religion, Bend Time, Temporal Distortion, Slouch, Step From Time


You were on level 14 of the Dungeon.
You worshipped Cheibriados.
Cheibriados was exalted by your worship.
You visited 2 branches of the dungeon, and saw 15 of its levels.
You also visited: Bailey.

You collected 865 gold pieces.
You spent 196 gold pieces at shops.

Inventory:

Hand Weapons
 P - the +11 plutonium sword {Contam Stlth-}
   (You found it in a bailey)

   It occasionally inflicts wild transmutation effects on those it strikes,
   inflicting malmutation or extra damage, or polymorphing them into a new form.
   Contam:    It causes magical contamination when unequipped.
   Stlth:     It makes you less stealthy.
Missiles
 a - a throwing net (quivered)
 c - 7 boomerangs of dispersal
 p - 7 boomerangs
 R - 4 large rocks
Armour
 h - +0 ice dragon scales
 x - a +0 cloak (worn)
 y - +0 gold dragon scales
 E - +0 steam dragon scales
 F - +0 pearl dragon scales (worn)
 K - a +1 tower shield of protection
 Q - the +8 gold dragon scales of a bazaar {rPois rF+ rC+ Int+3}
   (You found it in a bailey)

   Int:       It affects your intelligence (+3).
   rF:        It protects you from fire.
   rC:        It protects you from cold.
   rPois:     It protects you from poison.
 S - +0 acid dragon scales
Jewellery
 d - a ring of protection from cold
 e - a +6 ring of dexterity
 i - an amulet of magic regeneration (around neck)
 t - a +6 ring of dexterity (left claw)
 C - a ring of protection from cold
 J - a ring of resist corrosion (right claw)
 U - a ring of see invisible
Wands
 n - a wand of paralysis (19)
 s - a wand of iceblast (23)
 A - a wand of flame (22)
 B - a wand of mindburst (13)
 V - a wand of polymorph (1)
Scrolls
 b - 5 scrolls of blinking
 g - 3 scrolls of fog
 m - 3 scrolls of poison {unknown}
 o - 2 scrolls of immolation
 q - 3 scrolls of teleportation
 w - a scroll of brand weapon {unknown}
 z - a scroll of noise {unknown}
 D - 2 scrolls of fear {unknown}
 G - a scroll of vulnerability {unknown}
 I - 2 scrolls of amnesia {unknown}
 O - a scroll of enchant armour {unknown}
 T - a scroll of identify
 W - a scroll of torment {unknown}
Potions
 f - a potion of lignification {unknown}
 j - 2 potions of attraction {unknown}
 k - 3 potions of berserk rage
 l - 2 potions of flight {unknown}
 r - a potion of heal wounds {unknown}
 u - a potion of curing
 v - 2 potions of ambrosia
 H - a potion of might {unknown}
 L - 4 potions of brilliance
 M - a potion of cancellation {unknown}
 N - 2 potions of haste {unknown}
 X - a potion of mutation


   Skills:
 + Level 9.1 Fighting
 - Level 0.8 Throwing
 + Level 8.8 Armour
 - Level 2.2 Dodging
 + Level 12.8 Unarmed Combat
 - Level 1.2 Spellcasting
 + Level 7.1 Translocations
 + Level 5.5 Invocations


You had 3 spell levels left.
You knew the following spells:

 Your Spells              Type           Power      Damage    Failure   Level
a - Blink                 Tloc           82%        N/A       1%          2
b - Manifold Assault      Tloc           41%        N/A       26%         5
c - Teleport Other        Tloc           41%        N/A       3%          3

Your spell library contained the following spells:

 Spells                   Type           Power      Damage    Failure   Level
 Gell's Gravitas          Tloc           41%        N/A       3%          3
 Lesser Beckoning         Tloc           41%        N/A       3%          3
 Portal Projectile        Hex/Tloc       42%        N/A       13%         3
 Ensorcelled Hibernation  Hex/Ice        2%         N/A       28%         2
 Static Discharge         Conj/Air       1%         3-4/arc   28%         2
 Conjure Flame            Conj/Fire      1%         6-21      50%         3
 Ignite Poison            Fire/Tmut/Pois 1%         N/A       50%         3
 Inner Flame              Hex/Fire       1%         N/A       50%         3
 Spider Form              Tmut/Pois      1%         N/A       50%         3
 Stone Arrow              Conj/Erth      2%         3d7       50%         3
 Tukima's Dance           Hex            1%         N/A       50%         3
 Iskenderun's Mystic Bla  Conj/Tloc      21%        2d6       38%         4
 Anguish                  Hex/Necr       0%         N/A       88%         4
 Animate Armour           Summ/Erth      2%         N/A       88%         4
 Cause Fear               Hex            0%         N/A       88%         4
 Dispel Undead            Necr           1%         3d6       88%         4
 Fulminant Prism          Conj/Hex       0%         3d6       88%         4
 Sticky Flame             Conj/Fire      1%         2d3       88%         4
 Blade Hands              Tmut           0%         N/A       99%         5
 Lee's Rapid Deconstruct  Erth           0%         3d5*      99%         5
 Discord                  Hex            0%         N/A       100%        8
 Lehudib's Crystal Spear  Conj/Erth      0%         10d2      100%        8


Dungeon Overview and Level Annotations

Branches:
Dungeon (14/15)            Temple (1/1) D:4            Lair (0/5) D:10
    Orc (0/2) D:12         Bailey (visited)
 Vaults: D:13-14

Altars:
Ashenzari
Cheibriados
Dithmenos
Elyvilon
Fedhas
Gozag
Hepliaklqana
Kikubaaqudgha
Makhleb
Nemelex Xobeh
Okawaru
Qazlal
Ru
Trog
Uskayaw
Wu Jian
Xom
Yredelemnul
Zin
The Shining One
Lugonu

Shops:
D:8 [   D:14 !

Annotations:
D:9 exclusion: downstairs
D:11 2 transporters


Innate Abilities, Weirdness & Mutations

You are too large for most types of armour.
You have claws for hands.
Your natural rate of healing is unusually fast.
You are covered in fur. (AC +1)
You have tough skin. (AC +1)


Message History

You scratch the boulder beetle.
The boulder beetle is heavily wounded.
The boulder beetle leaps!
The boulder beetle bites you!
You barely miss the boulder beetle.
The boulder beetle is heavily wounded.
You scratch the boulder beetle but do no damage.
The boulder beetle is heavily wounded.
The boulder beetle leaps!
The boulder beetle curls into a ball and begins rolling!
The boulder beetle hits you!!!
* * * LOW HITPOINT WARNING * * *
The boulder beetle stops rolling and uncurls.
The boulder beetle bites you but does no damage.
You hear a shout!
You feel better.
You hear a shout! x2
The boulder beetle bites you!
* * * LOW HITPOINT WARNING * * *
You feel better. The boulder beetle bites you!!
* * * LOW HITPOINT WARNING * * *
You are confused.
You feel invigorated.
The boulder beetle bites you but does no damage.
You claw the boulder beetle!
The boulder beetle is severely wounded.
You barely miss the boulder beetle.
The boulder beetle is severely wounded.
The boulder beetle bites you!!
* * * LOW HITPOINT WARNING * * *
You feel less invigorated.
You feel less confused.
The boulder beetle leaps!
The boulder beetle curls into a ball and begins rolling!
The boulder beetle hits you but does no damage.
The boulder beetle stops rolling and uncurls.
You claw the boulder beetle!
The boulder beetle is severely wounded.
The boulder beetle bites you!!
You die...

...############ # #..
..........#.#
#..##.#..........
#..##.#.........#
#..............# #
####..<..........###
.###.............B.....
....♣.♣.♣.♣..B#○..###.
#.....⌠....$@##.##
#..♣.♣.♣.♣...# .#
#...⌠.∩.⌠....# #
##.♣.♣.♣.♣.#.#
#....⌠........
######.♣.♣.♣.♣.#.###
...............#.#
########.#####.#.# #...
...


You could see a boulder beetle.

Vanquished Creatures
  Snorg (D:10)
  A boulder beetle (D:12)
  3 centaur warriors (D:13)
  3 two-headed ogres
  A tengu warrior (D:13)
  3 death yaks (D:10)
  A soul eater (D:10)
  A sixfirhy (D:10)
  An obsidian statue (D:11)
  A deep elf pyromancer (D:12)
  Pikel (D:8)
  A cyclops (D:11)
  2 ugly things
  A rust devil (D:10)
  A gargoyle (D:11)
  A smoke demon (D:10)
  4 orange demons (D:10)
  An unseen horror (D:12)
  Psyche (D:8)
  A kobold demonologist (D:11)
  A komodo dragon (shapeshifter) (D:14)
  A tengu conjurer (D:13)
  A hellwing (D:10)
  4 trolls
  6 slime creatures
  29 yaks
  A shadow (D:11)
  2 wyverns (D:8)
  A ynoxinul (D:10)
  2 steam dragons (D:8)
  2 basilisks
  5 acid dragons
  2 water moccasins
  An ice beast (D:6)
  6 orc warriors (Bailey)
  A black bear (D:6)
  4 ogres
  12 centaurs
  A phantom (D:4)
  3 kobold brigands
  3 bullfrogs
  A necrophage (D:6)
  A gnoll sergeant (D:8)
  3 scorpions (D:5)
  A wight (D:9)
  3 killer bees (D:9)
  7 howler monkeys
  3 quasits
  4 hounds
  6 orc priests
  2 gnoll boudas
  A jelly (D:7)
  5 iguanas
  10 orc wizards
  17 gnolls
  5 adders
  A shadow imp (D:8)
  2 white imps (D:7)
  3 ufetubi
  34 orcs
  2 bats
  7 endoplasms
  2 giant cockroaches
  9 goblins
  5 hobgoblins
  A jackal (D:1)
  A quokka (D:1)
  8 ball pythons
  18 kobolds
  2 rats (D:1)
282 creatures vanquished.

Vanquished Creatures (others)
  3 demonic plants (D:10)
  A fungus (D:1)
4 creatures vanquished.

Grand Total: 286 creatures vanquished

Notes
Turn   | Place    | Note
-------+----------+-------------------------------------------
     0 | D:1      | FexLirch the Troll Warper began the quest for the Orb.
     0 | D:1      | Reached XP level 1. HP: 19/19 MP: 1/1
   473 | D:1      | Reached XP level 2. HP: 28/28 MP: 2/2
   476 | D:1      | Learned a level 2 spell: Blink
   502 | D:1      | Found a faded altar of an unknown god.
  1466 | D:3      | Reached XP level 3. HP: 35/35 MP: 3/3
  1550 | D:3      | Found a sparkling altar of Nemelex Xobeh.
  1556 | D:3      | Reached skill level 3 in Unarmed Combat
  1638 | D:3      | Noticed a centaur
  1648 | D:3      | Killed a centaur
  1649 | D:3      | Reached skill level 1 in Armour
  1649 | D:3      | Reached XP level 4. HP: 21/44 MP: 4/4
  2029 | D:3      | Found an iron altar of Okawaru.
  2031 | D:3      | Found a shimmering altar of Xom.
  2033 | D:3      | Found a glowing silver altar of Zin.
  2083 | D:4      | Found a staircase to the Ecumenical Temple.
  2135 | Temple   | Entered the Ecumenical Temple
  2210 | Temple   | Became a worshipper of Cheibriados the Contemplative
  2320 | D:4      | Noticed a phantom
  2332 | D:4      | Killed a phantom
  2333 | D:4      | Reached skill level 4 in Unarmed Combat
  2333 | D:4      | Reached XP level 5. HP: 44/50 MP: 5/5
  2585 | D:4      | Noticed an ogre
  2626 | D:4      | Killed an ogre
  2627 | D:4      | Reached XP level 6. HP: 42/59 MP: 6/6
  2893 | D:4      | Reached skill level 5 in Unarmed Combat
  2916 | D:4      | Found a stormy altar of Qazlal.
  2968 | D:5      | Entered Level 5 of the Dungeon
  2991 | D:5      | Found a broken altar of Ashenzari.
  3107 | D:5      | Reached * piety under Cheibriados
  3296 | D:5      | Reached XP level 7. HP: 67/67 MP: 7/7
  3478 | D:5      | Reached skill level 6 in Unarmed Combat
  3862 | D:6      | Learned a level 5 spell: Manifold Assault
  3890 | D:6      | Reached XP level 8. HP: 78/78 MP: 8/8
  3921 | D:6      | Reached skill level 7 in Unarmed Combat
  4393 | D:6      | Reached ** piety under Cheibriados
  4794 | D:7      | Found a sacrificial altar of Ru.
  5029 | D:7      | Reached skill level 8 in Unarmed Combat
  5609 | D:7      | HP: 3/79 [poisoned by a gnoll]
  5614 | D:7      | HP: 2/79 [poisoned by a gnoll]
  5619 | D:7      | HP: 3/79 [poisoned by a gnoll]
  5782 | D:8      | Reached skill level 5 in Fighting
  5788 | D:8      | Reached XP level 9. HP: 39/88 MP: 9/9
  5931 | D:8      | Reached skill level 9 in Unarmed Combat
  6025 | D:8      | Noticed Pikel
  6026 | D:8      | Reached *** piety under Cheibriados
  6036 | D:8      | Killed Pikel
  6037 | D:8      | Reached skill level 5 in Armour
  6053 | D:8      | Noticed Psyche
  6064 | D:8      | Killed Psyche
  6180 | D:8      | Found Cawuryotz's Armour Emporium.
  6198 | D:8      | Noticed a two-headed ogre
  6203 | D:8      | Killed a two-headed ogre
  6204 | D:8      | Reached skill level 10 in Unarmed Combat
  6204 | D:8      | Reached XP level 10. HP: 70/98 MP: 10/10
  6813 | D:9      | Reached **** piety under Cheibriados
  7237 | D:9      | Found a basalt altar of Yredelemnul.
  7399 | D:10     | Entered Level 10 of the Dungeon
  7410 | D:10     | Found an ornate altar of the Wu Jian Council.
  7414 | D:10     | Noticed an orange demon
  7414 | D:10     | Noticed a sixfirhy
  7473 | D:10     | Noticed an orange demon
  7473 | D:10     | Noticed Snorg
  7473 | D:10     | Noticed a smoke demon
  7475 | D:10     | Noticed an orange demon
  7487 | D:9      | Learned a level 3 spell: Teleport Other
  7532 | D:10     | Found a bloodstained altar of Trog.
  7592 | D:10     | Killed Snorg
  7593 | D:10     | Reached skill level 11 in Unarmed Combat
  7602 | D:10     | Killed a sixfirhy
  7603 | D:10     | Reached XP level 11. HP: 68/109 MP: 11/11
  7609 | D:10     | Reached skill level 5 in Translocations
  7647 | D:10     | Reached ***** piety under Cheibriados
  7651 | D:10     | Found a flagged portal.
  7666 | Bailey   | Entered a bailey
  7818 | Bailey   | Found the +11 plutonium sword {Contam Stlth-}
  7832 | Bailey   | Identified the +8 gold dragon scales of a bazaar {rPois rF+
                  | rC+ Int+3}
  7977 | D:10     | Reached skill level 1 in Invocations
  8002 | D:10     | Noticed a death yak
  8008 | D:10     | Killed a death yak
  8010 | D:10     | Found a staircase to the Lair.
  8012 | D:10     | Noticed a death yak
  8012 | D:10     | Noticed a death yak
  8026 | D:10     | Killed a death yak
  8032 | D:10     | Killed a death yak
  8140 | D:10     | Noticed a soul eater
  8223 | D:10     | Found a white marble altar of Elyvilon.
  8415 | D:10     | Found a blossoming altar of Fedhas.
  8577 | D:10     | Killed a soul eater
  8703 | D:11     | Reached skill level 12 in Unarmed Combat
  8742 | D:11     | Reached XP level 12. HP: 118/119 MP: 13/13
  8912 | D:11     | Found a transporter.
  8915 | D:11     | Found a corrupted altar of Lugonu.
  8962 | D:11     | Found a transporter.
  9047 | D:11     | Noticed a two-headed ogre
  9052 | D:11     | Killed a two-headed ogre
  9475 | D:12     | Noticed a two-headed ogre
  9481 | D:12     | Killed a two-headed ogre
  9673 | D:12     | Noticed a boulder beetle
  9688 | D:12     | Killed a boulder beetle
 10039 | D:12     | Found a staircase to the Orcish Mines.
 10190 | D:12     | Reached ****** piety under Cheibriados
 10736 | D:13     | Noticed a centaur warrior
 10743 | D:13     | Killed a centaur warrior
 10744 | D:13     | Reached skill level 5 in Invocations
 11182 | D:13     | Noticed a centaur warrior
 11190 | D:13     | Killed a centaur warrior
 11255 | D:13     | Noticed a centaur warrior
 11260 | D:13     | Killed a centaur warrior
 11348 | D:13     | Noticed a tengu warrior
 11356 | D:13     | Killed a tengu warrior
 11459 | D:14     | Found a hazy altar of Hepliaklqana.
 11487 | D:14     | Found Degify's Distillery.
 11499 | D:14     | Bought a potion of curing for 42 gold pieces
 11499 | D:14     | Bought a potion of curing for 42 gold pieces
 11499 | D:14     | Bought a potion of mutation for 112 gold pieces
 11521 | D:14     | Noticed a boulder beetle
 11536 | D:14     | HP: 5/123 [boulder beetle (19)]
 11539 | D:14     | HP: 2/123 [boulder beetle (18)]
 11543 | D:14     | Slain by a boulder beetle

Illustrated notes

Levels and vault maps discovered:
D:1:      psy_arrival_radial01, layout_loops_ring,
          shapermc_ecumenical_altar_acropolis, st_stairs_14
D:2:      layout_loops_cross
D:3:      layout_loops_ring, nicolae_overflow_hidden_temple,
          nemelex_dance_club_becter
D:4:      layout_basic, nicolae_qazlal_scattered_showers,
          minmay_temple_entry_wispy
D:5:      layout_loops_corners, mainiacjoe_overflow_six_doors_small
D:6:      layout_basic
D:7:      layout_gridville, nicolae_ru_sacrificial_ziggurat
D:8:      layout_basic, serial_shops, shop_statue, uniq_pikel, uniq_psyche
D:9:      layout_loops_ring, lemuel_tele_altar, minmay_puff
D:10:     layout_loops_cross, fedhas_bush_and_centaur_altar, kennysheep_mini,
          mainiacjoe_overflow_alcove_1, elyvilon_altar_3, dpeg_lair_monsters,
          serial_demonic, serial_demonic_c, serial_demonic_e, serial_demonic_a,
          serial_demonic_c, serial_demonic_d, serial_demonic_a,
          serial_demonic_d, enter_bailey_5, uniq_snorg
D:11:     gammafunk_corrupted_shrine, layout_cave_pools, minivault_16,
          patterned_corridor
D:12:     layout_stronghold, orc_0_dummy, gauntlet_entry_generic
D:13:     layout_basic, feat_on_display
D:14:     layout_loops_ring, lightli_vaults_fourway_checkpoint,
          old_standard_altar, nrook_pool_corridor, minmay_shop_grid_forest
Temple:   hellmonk_temple_beads

Skill      XL: |  1  2  3  4  5  6  7  8  9 10 11 12 |
---------------+-------------------------------------+-----
Dodging        | 2 |  2.2
Fighting       | 2 3 4 5 6 7 8 9 |  9.1
Unarmed Combat | 3 4 5 6 8 10 11 12 | 12.8
Armour         | 1 2 3 4 5 6 7 8 |  8.8
Translocations | 3 4 6 7 |  7.1
Invocations    | 3 5 |  5.5
Throwing       | |  0.8
Spellcasting   | |  1.2

Action                   |  1- 3 |  4- 6 |  7- 9 | 10-12 || total
-------------------------+-------+-------+-------+-------++-------
Melee: Unarmed           |    89 |    99 |   239 |   503 ||   930
       Punch             |     1 |     1 |    12 |    46 ||    60
Throw: Throwing net      |       |       |     2 |       ||     2
 Cast: Blink             |       |       |       |     2 ||     2
       Manifold Assault  |       |       |       |     1 ||     1
Invok: Bend Time         |       |       |       |     2 ||     2
       Temporal Distorti |       |       |       |     1 ||     1
Evoke: Wand              |       |       |       |     2 ||     2
  Use: Scroll            |       |       |     3 |     5 ||     8
       Potion            |       |       |       |     6 ||     6
 Stab: Invisible         |       |       |       |    13 ||    13
       Paralysed         |       |       |       |     3 ||     3
Armor: Robe              |    12 |       |       |       ||    12
       Ice dragon scales |    31 |    59 |   110 |       ||   200
       Pearl dragon scal |       |       |    26 |   232 ||   258
       Gold dragon scale |       |       |       |   191 ||   191
Dodge: Dodged            |    24 |    50 |   103 |   288 ||   465
